 Dungeon Crawl Stone Soup version 0.28-a0-1429-gf3d713df7a (webtiles) character file.

Game seed: 15236654375561004004

47 zap2161 the Vandal (level 3, 30/30 HPs)
             Began as a Minotaur Hunter on Jan 8, 2022.
             Was a Believer of Jiyva.
             Quit the game on level 2 of the Dungeon.
             The game lasted 00:07:21 (1537 turns).

zap2161 the Vandal (Minotaur Hunter)                Turns: 1537, Time: 00:07:22

Health: 30/30      AC:  3    Str: 16    XL:     3   Next: 48%
Magic:  2/2        EV: 12    Int:  8    God:    Jiyva [**....]
Gold:   45         SH:  0    Dex: 12    Spells: 2/2 levels left

rFire   . . .      SeeInvis .   b - +0 dagger (venom)
rCold   . . .      Faith    .   (no shield)
rNeg    . . .      Spirit   .   c - +0 leather armour
rPois   .          Reflect  .   (helmet restricted)
rElec   .          Harm     .   (no cloak)
rCorr   +          Rampage  .   (no gloves)
Will    .....                   (no boots)
Stlth   +.........              (no amulet)
HPRegen 1.06/turn               (no ring)
MPRegen 0.38/turn               (no ring)

@: no status effects
A: horns 2, retaliatory headbutt
a: Renounce Religion


You were on level 2 of the Dungeon.
You worshipped Jiyva.
Jiyva was pleased with you.
You visited 1 branch of the dungeon, and saw 2 of its levels.

You collected 45 gold pieces.

Inventory:

Hand Weapons
 a - a +1 hunting sling
 b - a +0 dagger of venom (weapon)
 g - a +0 short sword
Missiles
 d - 17 sling bullets
 h - 45 stones (quivered)
Armour
 c - a +0 leather armour (worn)
 j - a +0 helmet
Wands
 k - a wand of acid (7)
Scrolls
 f - 2 scrolls of identify {unknown}
Potions
 e - 2 potions of brilliance {unknown}
 i - a potion of mutation {unknown}


   Skills:
 * Level 2.7 Fighting
 * Level 5.6 Slings
 + Level 0.4 Armour
 + Level 2.2 Dodging
 - Level 0.7 Stealth


You had 2 spell levels left.
You didn't know any spells.
Your spell library contained the following spells:

 Spells                   Type           Power      Damage    Failure   Level
 Dazzling Flash           Conj/Hex       0%         N/A       85%         3
 Iskenderun's Mystic Bla  Conj/Tloc      0%         2d3       99%         4
 Starburst                Conj/Fire      0%         6d3       100%        6


Dungeon Overview and Level Annotations

Branches:
Dungeon (2/15)

Altars:
Jiyva

Shops:
D:2 ?


Innate Abilities, Weirdness & Mutations

You have a pair of horns on your head.
You reflexively headbutt those who attack you in melee.


Message History

You barely miss the bat. You headbutt the bat.
You kill the bat!
You hear a distant slurping noise.
d - 17 sling bullets (gained 1)
Found a stone staircase leading up.
You hear a distant slurping noise.
Jiyva gurgles merrily.
Found 14 bolts and a dagger.
You see here 14 bolts.
You see here a +0 dagger.
k - a wand of acid (7)
You hear a series of splatters.
You hear a distant slurping noise.
You hear a distant slurping noise.
Jiyva is now protecting you from corrosive effects.
You hear a distant slurping noise.
You hear a splatter.
You hear a distant slurping noise.
You hear a distant slurping noise.
You hear a squelching noise.
You hear a distant slurping noise.
A kobold comes into view. It is wielding a +0 whip.
The kobold shouts!
The kobold hits you with a +0 whip.
You hit the kobold.
The kobold is poisoned.
The kobold is moderately wounded.
The kobold hits you with a +0 whip.
You hit the kobold.
The kobold looks as sick as possible!
You headbutt the kobold.
You kill the kobold!
You hear a distant slurping noise.
Found Dude's Magic Scroll Boutique.
There is a fountain of clear blue water here.
There is an entrance to Dude's Magic Scroll Boutique here.
There is a fountain of clear blue water here.
You swap places.
Done exploring.
Done exploring.
There is an entrance to Dude's Magic Scroll Boutique here.
Unknown command.
Unknown command.
Are you sure you want to abandon this character and quit the game? (Confirm with "yes".)

#..#....J.........#
#..#.#..#########.#
#..#.#..# #.#
######.......# #.#
#.......#.#### #.#
#.####⌠.⌠...# ##.##
#.####.∩.##.###### #....
#.##..⌠.⌠##......# #.##.
#.##.##.@##......# #.##.
#.##.##..........# #....
#.......####.....# #..##
#####.### #.....####..##
#.# ###.####.#....
####.########.......#.##
#.............####.##.#
#.##.##.#####.#.......#
####.##.##.####..#.......#


There were no monsters in sight!

Vanquished Creatures
  A dart slug (D:1)
  8 bats
  2 endoplasms (D:1)
  2 giant cockroaches
  2 goblins (D:1)
  6 hobgoblins
  3 quokkas (D:1)
  3 ball pythons
  2 frilled lizards
  7 kobolds
  4 rats
40 creatures vanquished.

Vanquished Creatures (others)
  An endoplasm (D:2)
  2 kobolds (D:2)
  2 frilled lizards (D:2)
  A rat (D:2)
6 creatures vanquished.

Grand Total: 46 creatures vanquished

Notes
Turn   | Place    | Note
-------+----------+-------------------------------------------
     0 | D:1      | zap2161 the Minotaur Hunter began the quest for the Orb.
     0 | D:1      | Reached XP level 1. HP: 18/18 MP: 0/0
   262 | D:1      | Reached XP level 2. HP: 24/25 MP: 1/1
   289 | D:1      | Reached skill level 5 in Slings
   436 | D:1      | Found a faded altar of an unknown god.
   524 | D:1      | Reached XP level 3. HP: 24/30 MP: 2/2
   826 | D:1      | Prayed at the altar of an unknown god.
   826 | D:1      | Became a worshipper of Jiyva Josac the Shapeless
   826 | D:1      | Reached * piety under Jiyva
  1298 | D:2      | Reached ** piety under Jiyva
  1364 | D:2      | Found Dude's Magic Scroll Boutique.
  1537 | D:2      | Quit the game

Illustrated notes

Levels and vault maps discovered:
D:1:      kennysheep_arrival_forest, layout_basic,
          hellmonk_ecumenical_altar_arch_garden
D:2:      layout_loops_cross, serial_shops, shop_fountains

Skill      XL: |  1  2 |
---------------+-------+-----
Slings         | 5 |  5.6
Fighting       | |  2.7
Armour         | |  0.4
Dodging        | |  2.2
Stealth        | |  0.7

Action                   || total
-------------------------++-------
Melee: Dagger            ||    52
       Short sword       ||     1
       Headbutt          ||     8
 Fire: Hunting sling     ||    34
Armor: Leather armour    ||    15
Dodge: Dodged            ||    27

Table legend: (Time is in decaauts)
 A = Elapsed time spent in this place.
 B = Non-inter-level travel time spent in this place.
 C = Inter-level travel time spent in this place.
 D = Time resting spent in this place.
 E = Time spent auto-exploring this place.
 F = Levels seen in this place.
 G = Mean time per level.
                   A        B        C        D        E       F      G
               +--------+--------+--------+--------+--------+-----+--------+
         Total |   1524 |   1524 |      0 |      0 |   1157 |   2 |  762.0 |
       Dungeon |   1524 |   1524 |      0 |      0 |   1157 |   2 |  762.0 |
               +--------+--------+--------+--------+--------+-----+--------+

Top non-repeatable levels by time:
     D:1: 958 daAuts
     D:2: 565 daAuts
